Unix NetHack Version 3.7.0-80 Work-in-progress - last build Mar 27 2023 11:19:28 (84ec4a96b1085377d1623a66bb533b5851a641e4,branch:master). Game began 2023-04-01 08:30:00, ended 2023-04-01 09:32:41. elenmirie, neutral female gnomish Ranger --------- |.......| .<......| |....[%.| ........| |........# ---------## #%# ## ##### # ###----.---- #........| |.......| |.Yd....| |..@.d..| |...^...| --------- Elenmirie the Lookout St:14 Dx:13 Co:15 In:14 Wi:16 Ch:7 Neutral Dlvl:5 $:1344 HP:0(23) Pw:24(24) AC:1 Xp:4/128 T:2678 Latest messages: What do you want to call this dungeon level? What do you want to call? [g-ik-ortu or ?*] m Call a scroll called 100 xor: What do you want to call? [g-ik-ortu or ?*] m Call a scroll called 100 xor: (For instructions type a '?') What do you want to call the little dog? Saucy Saucy drops a killer bee corpse. Yermak picks up a killer bee corpse. Yermak drops a killer bee corpse. Saucy picks up a killer bee corpse. Saucy drops a killer bee corpse. You stop searching. Yermak bites the iguana. The iguana misses Yermak. Yermak misses the iguana. Yermak misses the iguana. Saucy picks up a killer bee corpse. Yermak bites the iguana. The iguana misses Yermak. Yermak bites the iguana. The iguana is killed! Saucy drops a killer bee corpse. Saucy picks up a killer bee corpse. Saucy drops a killer bee corpse. Yermak picks up a killer bee corpse. You are beginning to feel hungry. You stop searching. What do you want to eat? [fpq or ?*] ? This food really hits the spot! Yermak drops a killer bee corpse. You finish eating the food ration. Yermak picks up a killer bee corpse. b - an uncursed +1 crossbow (weapon in hand). a - an uncursed corroded +1 dagger (alternate weapon; not wielded). You climb up the stairs. The owlbear hits! The owlbear misses! You find a bear trap. In what direction? y The crossbow bolt hits the owlbear! The owlbear hits! The owlbear hits again! The owlbear grabs you! You die... Do you want your possessions identified? [ynq] (y) y Do you want to see your attributes? [ynq] (y) y Do you want an account of creatures vanquished? [ynaq] (y) y Do you want to see your conduct and achievements? [ynq] (y) y Do you want to see the dungeon overview? [ynq] (y) y Inventory: Coins $ - 1344 gold pieces Weapons c - 51 uncursed +2 crossbow bolts (in quiver pouch) d - 37 uncursed +0 crossbow bolts b - an uncursed +1 crossbow (weapon in hand) w - an uncursed +0 boomerang a - an uncursed corroded +1 dagger (alternate weapon; not wielded) Armor i - an uncursed +0 pair of gauntlets of dexterity (being worn) j - an uncursed +0 pair of elven boots (being worn) e - an uncursed +2 cloak of displacement (being worn) v - a blessed +1 studded leather armor (being worn) Comestibles f - 4 uncursed cram rations q - an uncursed tripe ration Scrolls l - a blessed scroll of amnesia g - an uncursed scroll of gold detection o - an uncursed scroll of light m - an uncursed scroll of magic mapping k - an uncursed scroll of teleportation Potions u - an uncursed potion of confusion h - an uncursed potion of fruit juice n - an uncursed potion of gain energy t - an uncursed potion of healing r - an uncursed potion of monster detection Tools P - an uncursed stethoscope Elenmirie the Ranger's attributes: Background: You were a Lookout, a level 4 female gnomish Ranger. You were neutral, nominally on a mission for Venus who was opposed by Mercury (lawful) and Mars (chaotic). You were in the Dungeons of Doom, on level 5. You entered the dungeon 2678 turns ago. You had 128 experience points, 32 more were needed to attain level 5. Basics: You had 0 out of 23 hit points. You had all 24 energy points (spell power). Your armor class was 1. Your wallet contained 1344 zorkmids. Autopickup was on for '$' plus thrown. Final Characteristics: Your strength was 14 (limit:18/50). Your dexterity was 13 (limit:18). Your constitution was 15 (limit:18). Your intelligence was 14 (limit:19). Your wisdom was 16 (limit:18). Your charisma was 7 (limit:18). Final Status: You were held by an owlbear (northwest). You were not hungry. You were unencumbered. You were wielding a crossbow. You had basic skill with crossbow. Final Attributes: You were devoutly aligned. You had automatic searching. You had infravision. You were displaced. You were stealthy. You were warded. You are dead. Miscellaneous: You encountered 1 bones level. Total elapsed playing time was 57 minutes and 37 seconds. Major events: Turn 1: elenmirie the neutral female gnomish Ranger entered the dungeon 439: entered the Gnomish Mines 1481: attained the rank of Lookout (level 3) 2678: killed by an owlbear Vanquished creatures: a rock piercer 2 rothes a wererat 3 iguanas a killer bee 2 giant rats a yellow mold a green mold a red mold 3 gnome zombies a gecko 5 jackals 3 foxes 2 sewer rats 8 grid bugs 2 bats 4 lichens 2 kobold zombies 4 newts 47 creatures vanquished. No species were genocided or became extinct. Voluntary challenges: You were an atheist. You read items or engraved 1 time. You never engraved Elbereth. You never genocided any monsters. You never polymorphed an object. You never changed form. You used no wishes. Achievements: You entered the Gnomish Mines. You entered a shop. You attained the rank of Lookout. The Dungeons of Doom: levels 1 to 6 Level 1: Some graves. Level 2: An armor shop, a fountain. Stairs down to The Gnomish Mines. Level 3: A general store, a fountain. Level 4: A general store, some fountains. Level 5: <- You were here. Final resting place for you, killed by an owlbear, MoonPig-Wiz-Elf-Fem-Cha, killed by an owlbear. Level 6: The Gnomish Mines: Level 3: Game over: ---------- / \ / REST \ / IN \ / PEACE \ / \ | elenmirie | | 1344 Au | | killed by an | | owlbear | | | | | | 2023 | *| * * * | * _________)/\\_//(\/(/\)/\//\/|_)_______ Goodbye elenmirie the Ranger... You died in The Dungeons of Doom on dungeon level 5 with 1972 points, and 1344 pieces of gold, after 2678 moves. You were level 4 with a maximum of 23 hit points when you died.